 Dungeon Crawl Stone Soup version 0.18.1-5-g4a78601 (webtiles) character file.

244 M4edhros the Insei (level 6, -10/36 HPs)
             Began as an Octopode Necromancer on May 12, 2016.
             Was an Initiate of Cheibriados.
             Killed themself with a badly aimed iceblast (16 damage)
             ... on level 5 of the Dungeon.
             The game lasted 00:06:03 (1479 turns).

M4edhros the Insei (Octopode Necromancer)           Turns: 1479, Time: 00:06:04

Health: -10/36     AC:  1    Str:  8    XL:     6   Next: 10%
Magic:  9/9        EV: 12    Int: 18    God:    Cheibriados [......]
Gold:   112        SH:  0    Dex: 16    Spells: 3 memorised, 4 levels left

rFire  . . .     SeeInvis .       - Unarmed
rCold  . . .     Gourm    .     (no shield)
rNeg   . . .     Faith    .     (helmet restricted)
rPois  .         Spirit   .     (no amulet)
rElec  .         Dismiss  .     (no ring)
rCorr  .         Reflect  .     (no ring)
SustAt .         Harm     .     (no ring)
MR     .....                    (no ring)
Stlth  +++.......               (no ring)
                                (no ring)
                                (no ring)
                                (no ring)

@: exhausted, slowed, very slow, not resistant to hostile enchantments, fairly
stealthy
A: almost no armour, amphibious, 8 rings, constrict 8, camouflage 1, gelatinous
body 1
a: Bend Time, Renounce Religion


You were on level 5 of the Dungeon.
You worshipped Cheibriados.
Cheibriados was noncommittal.
You were not hungry.

You visited 2 branches of the dungeon, and saw 7 of its levels.

You collected 112 gold pieces.

Inventory:

Hand Weapons
 m - a +1 short sword of draining
Missiles
 i - 3 tomahawks (quivered)
Wands
 o - a wand of iceblast (8/15)
 p - a wand of slowing (21/48)
 q - a wand of random effects (29/48)
Scrolls
 c - a scroll of random uselessness {unknown}
 d - a scroll of teleportation {unknown}
 e - 2 scrolls of recharging {unknown}
 g - a scroll of amnesia {unknown}
 l - 2 scrolls of remove curse
Potions
 h - 2 potions of flight
 r - a potion of degeneration {unknown}
Books
 a - a book of Necromancy

   Spells                             Type                      Level
   a - Pain                           Necromancy                   1
   b - Animate Skeleton               Necromancy                   1
   c - Vampiric Draining              Necromancy                   3
   d - Regeneration                   Charms/Necromancy            3
   e - Animate Dead                   Necromancy                   4
   f - Control Undead                 Necromancy                   4
Comestibles
 b - 2 bread rations
 f - 2 meat rations
 n - a beef jerky


   Skills:
 - Level 2.0 Dodging
 - Level 2.6 Stealth
 + Level 5.7 Unarmed Combat
 - Level 2.0 Spellcasting
 - Level 4.0 Necromancy


You had 4 spell levels left.
You knew the following spells:

 Your Spells              Type           Power        Failure   Level  Hunger
a - Pain                  Necr           ###.         3%          1    #......
b - Animate Skeleton      Necr           N/A          3%          1    #......
r - Regeneration          Chrm/Necr      #.........   24%         3    ###....


Dungeon Overview and Level Annotations

Branches:
Dungeon (6/15)             Temple (1/1) D:6

Altars:
Ashenzari
Cheibriados
Gozag
Nemelex Xobeh
Okawaru
Pakellas
Qazlal
Trog
Zin
The Shining One


Innate Abilities, Weirdness & Mutations

You cannot wear most types of armour.
You are amphibious.
You can wear up to eight rings at the same time.
You can use your tentacles to constrict eight enemies at once.
Your skin changes colour to match your surroundings (Stealth).
Your rubbery body absorbs attacks (AC +1).


Message History

Evoke which item? (* to show all) (? for menu, Esc to quit)
Zapping:
o - a wand of iceblast (will waste charges)
Press: ? - help, Shift-Dir - straight line, f - gnoll
Aim: a gnoll, wielding a halberd
Okay, then.
Evoke which item? (* to show all) (? for menu, Esc to quit)
Zapping:
o - a wand of iceblast (will waste charges)
Press: ? - help, Shift-Dir - straight line, f - hound
Aim: a hound That beam is likely to hit you.
Continue anyway?
The mass of ice explodes!
The iceblast engulfs the hound.
You kill the hound!
Cheibriados appreciates the change of pace.
You have reached level 6!
Your experience leads to an increase in your attributes!
Your base attributes are Str 7, Int 17, Dex 14.
Increase (S)trength, (I)ntelligence, or (D)exterity?
You feel agile. The iceblast engulfs you!
You die...

####### .. ..$...
....... .. #.$....
....# #.## ....... .#
#..# ....... .# #..##
##....... .# #...##
#.g....# .##
#....###)g...# ..###
##......@g....#
....#####........###..#
.......##.......## .#
.####.........### ##
##..###..## # #..# #..#
#..## ##.# #.## #.# #
.. #..


You could see 3 gnolls.

Vanquished Creatures
  A gnoll sergeant (D:5)
  A crimson imp (D:5)
  A centaur zombie (D:5)
  A hound (D:5)
  A hound zombie (D:5)
  3 adders
  An adder zombie (D:5)
  2 dart slugs
  3 giant geckos
  An orc (D:3)
  3 giant cockroaches
  A goblin (D:2)
  4 hobgoblins
  4 jackals (D:3)
  5 bats
  2 giant newts
  3 kobolds
  2 quokka skeletons (D:4)
  5 rats
44 creatures vanquished.

Vanquished Creatures (collateral kills)
  A quokka (D:3)
1 creature vanquished.

Grand Total: 45 creatures vanquished

Notes
Turn   | Place    | Note
--------------------------------------------------------------
     0 | D:1      | M4edhros the Octopode Necromancer began the quest for the Orb.
     0 | D:1      | Reached XP level 1. HP: 11/11 MP: 3/3
   160 | D:1      | Reached skill level 1 in Unarmed Combat
   187 | D:1      | Learned a level 1 spell: Animate Skeleton
   213 | D:1      | Reached XP level 2. HP: 5/17 MP: 5/5
   313 | D:2      | Found a faded altar to an unknown god.
   325 | D:2      | Found a glowing golden altar of the Shining One.
   344 | D:2      | Reached skill level 2 in Unarmed Combat
   617 | D:3      | Reached XP level 3. HP: 14/21 MP: 6/6
   622 | D:3      | Learned a level 3 spell: Regeneration
   731 | D:3      | Reached skill level 3 in Unarmed Combat
   743 | D:3      | Found a glowing silver altar of Zin.
   743 | D:3      | Noticed an angel
   844 | D:3      | Reached XP level 4. HP: 13/27 MP: 7/7
   949 | D:4      | Found a shattered altar of Ashenzari.
  1111 | D:5      | Entered Level 5 of the Dungeon
  1122 | D:5      | Reached skill level 4 in Unarmed Combat
  1136 | D:5      | Reached XP level 5. HP: 26/31 MP: 2/8
  1241 | D:6      | Found a staircase to the Ecumenical Temple.
  1249 | Temple   | Entered the Ecumenical Temple
  1326 | Temple   | Became a worshipper of Cheibriados the Contemplative
  1477 | D:5      | Reached skill level 5 in Unarmed Combat
  1479 | D:5      | Reached XP level 6. HP: 6/36 MP: 9/9
  1479 | D:5      | Killed themself with a badly aimed iceblast

Skill      XL: |  1  2  3  4  5 |
---------------+----------------+-----
Unarmed Combat | 1 2 3 4 5 |  5.7
Dodging        | |  2.0
Stealth        | |  2.6
Spellcasting   | |  2.0
Necromancy     | |  4.0

Action                   |  1- 3 |  4- 6 || total
-------------------------+-------+-------++-------
Melee: Unarmed           |    25 |    17 ||    42
       Constrict         |    15 |     6 ||    21
       Tentacles         |    10 |     9 ||    19
       Short sword       |    37 |    22 ||    59
       Punch             |     1 |     2 ||     3
 Cast: Animate Skeleton  |     3 |     1 ||     4
       Pain              |     6 |       ||     6
       Regeneration      |     2 |     6 ||     8
  Use: Potion            |     3 |     2 ||     5
       Scroll            |       |     4 ||     4
 Stab: Sleeping          |     8 |     2 ||    10
  Eat: Chunk             |       |     1 ||     1
       Meat ration       |       |     1 ||     1
Armor: Skin              |     6 |     4 ||    10
Dodge: Dodged            |    35 |    29 ||    64
